AoeStats
← jess_du_marais

Arena

508203452Analyzed
2v2 RM · 11d ago on Sep 21, 2026· 153m 44s· 4 players
Game mode
Random Map
Map size
Medium (4 player)
Population
200
Speed
Normal
Resources
Standard
Victory
Conquest
Starting age
Dark Age
Ending age
Imperial Age
RankedLock teamsTeams togetherTeam positionsShared explorationLock speedFull tech treeHidden civsTurbo modeCheats
Victory
Defeat
🇬🇷 Britons · Greece
575
+16
🇫🇷 Khmer · France
512
+23
🇦🇺 Franks · Australia
576
-18
🇨🇳 Britons · China
575
-17
jess_du_marais
11:02 Loom
13:36 Feudal Age
18:27 Castle Age
16:56 Double-Bit Axe
19:08 Wheelbarrow
21:41 Bow Saw
35:10 Hand Cart
44:17 Imperial Age
41:43 Town Watch
42:06 Tusk Swords
45:26 Elite Ballista Elephant
47:22 Conscription
46:51 Pikeman
49:26 Double Crossbow
51:01 Town Patrol
51:00 Capped Ram
53:03 Halberdier
56:44 Scale Barding Armor
56:40 Padded Archer Armor
56:41 Scale Mail Armor
56:53 Forging
56:34 Fletching
62:03 Chain Barding Armor
67:55 Plate Barding Armor
71:07 Iron Casting
70:49 Leather Archer Armor
71:01 Ballistics
77:01 Elite Skirmisher
80:46 Coinage
80:16 Caravan
82:51 Blast Furnace
82:07 Chain Mail Armor
82:22 Ring Archer Armor
81:48 Bodkin Arrow
85:50 Chemistry
85:18 Fortified Wall
85:19 Masonry
85:07 Murder Holes
85:21 Siege Engineers
92:17 Banking
91:54 Bracer
91:50 Heated Shot
92:32 Architecture
99:39 Sappers
125:05 Elite Battle Elephant
147:26 Arson
149:37 Devotion
150:03 Illumination
150:14 Theocracy
149:34 Herbal Medicine
150:00 Sanctity
149:50 Redemption
149:51 Fervor
NaVaRxOs
10:50 Feudal Age
13:39 Wheelbarrow
13:34 Town Watch
16:02 Gold Mining
19:56 Castle Age
18:13 Stone Mining
19:21 Fletching
19:44 Forging
19:35 Padded Archer Armor
19:37 Scale Mail Armor
19:47 Scale Barding Armor
25:47 Gold Shaft Mining
26:34 Double-Bit Axe
26:33 Horse Collar
30:36 Ballistics
29:58 Treadmill Crane
32:27 Iron Casting
31:48 Bodkin Arrow
32:17 Heavy Plow
32:55 Leather Archer Armor
33:28 Hand Cart
34:21 Chain Barding Armor
34:18 Caravan
36:33 Chain Mail Armor
35:42 Pikeman
36:09 Gambesons
36:25 Squires
36:15 Elite Skirmisher
41:01 Imperial Age
41:28 Bow Saw
41:07 Capped Ram
42:19 Conscription
41:23 Elite Longbowman
43:48 Two-Man Saw
42:24 Light Cavalry
44:22 Chemistry
43:54 Fortified Wall
43:56 Masonry
45:49 Blast Furnace
44:18 Cavalier
46:03 Halberdier
47:16 Husbandry
47:38 Warwolf
51:53 Yeomen
53:55 Onager
55:55 Murder Holes
56:31 Architecture
67:32 Arson
67:53 Bracer
68:35 Ring Archer Armor
68:46 Plate Mail Armor
68:53 Plate Barding Armor
68:56 Hoardings
78:59 Man-at-Arms
92:32 Long Swordsman
107:34 Two-Handed Swordsman
126:28 Champion
kenneth_oath_klenty
10:06 Feudal Age
11:49 Double-Bit Axe
13:04 Wheelbarrow
22:29 Castle Age
23:56 Forging
23:46 Scale Mail Armor
23:52 Scale Barding Armor
24:20 Bow Saw
24:07 Gold Mining
24:07 Stone Mining
25:39 Gold Shaft Mining
28:32 Caravan
32:10 Hand Cart
32:33 Husbandry
36:21 Imperial Age
34:23 Light Cavalry
36:55 Loom
37:54 Iron Casting
37:34 Chain Mail Armor
37:39 Chain Barding Armor
37:12 Cavalier
41:00 Chemistry
40:23 Ballistics
40:57 Heavy Scorpion
43:06 #83
46:29 Elite Throwing Axeman
47:12 Chivalry
47:35 Conscription
49:29 Capped Ram
52:27 Paladin
53:43 Chain Mail Armor
53:50 Chain Barding Armor
54:32 Blast Furnace
53:20 Paladin
57:42 Pikeman
64:30 Plate Mail Armor
64:37 Plate Barding Armor
68:03 Hoardings
68:32 Siege Engineers
68:27 Murder Holes
68:30 Guard Tower
89:44 Arrowslits
108:43 Onager
116:36 Coinage
123:43 Man-at-Arms
126:42 Long Swordsman
127:09 Gambesons
127:09 Arson
127:51 Halberdier
130:23 Two-Handed Swordsman
Nullius
10:15 Feudal Age
12:28 Double-Bit Axe
12:25 Horse Collar
16:48 Gold Mining
16:22 Man-at-Arms
22:33 Castle Age
20:33 Fletching
22:29 Scale Mail Armor
23:12 Bodkin Arrow
23:20 Padded Archer Armor
24:17 Crossbowman
25:36 Bow Saw
25:29 Heavy Plow
26:08 Gold Shaft Mining
25:26 Stone Mining
27:55 Loom
30:03 Leather Archer Armor
29:44 Pikeman
34:59 Ballistics
34:52 Masonry
34:48 Guard Tower
45:01 Imperial Age
45:52 Bracer
48:27 Arbalester
50:37 Chemistry
51:57 Two-Man Saw
51:20 Elite Skirmisher
53:38 Ring Archer Armor
54:18 Architecture
54:31 Yeomen
57:48 Halberdier
59:29 Chain Mail Armor
59:33 Forging
59:38 Squires
63:44 Onager
73:58 Heavy Scorpion
81:00 Capped Ram
90:08 Keep
89:42 Siege Engineers
113:38 Arrowslits
113:41 Treadmill Crane
Connection lost

Rejoining the realm…

Still unreachable

The connection could not be restored.

Session expired

The server has moved on; the page needs a fresh start.